 Dungeon Crawl Stone Soup version 0.22-b1-26-g9dbaab1 (webtiles) character file.

287 Lilu the Destroyer (level 6, -2/32 HPs)
             Began as a Deep Elf Conjurer on Aug 6, 2018.
             Shot with an arrow by a centaur (5 damage)
             ... on level 5 of the Dungeon.
             The game lasted 00:13:01 (4134 turns).

Lilu the Destroyer (Deep Elf Conjurer)              Turns: 4134, Time: 00:13:02

Health: -2/32      AC:  4    Str:  7    XL:     6   Next: 8%
Magic:  8/12       EV: 13    Int: 20    God:
Gold:   239        SH:  0    Dex: 15    Spells: 8/11 levels left

rFire    . . .     SeeInvis .   e - +1 hunting sling
rCold    . . .     Gourm    .   (no shield)
rNeg     . . .     Faith    .   a - +0 robe
rPois    +         Spirit   .   (no helmet)
rElec    .         Reflect  .   z - +0 cloak
rCorr    +         Harm     .   k - +0 pair of gloves
MR       .....                  (no boots)
Stlth    ++........             (no amulet)
HPRegen  0.10/turn              h - ring of resist corrosion
MPRegen  0.13/turn              v - ring of poison resistance

@: no status effects
A: no striking features
a: no special abilities


You were on level 5 of the Dungeon.
You were hungry.

You visited 1 branch of the dungeon, and saw 5 of its levels.

You collected 239 gold pieces.

Inventory:

Hand Weapons
 e - a +1 hunting sling (weapon)
 m - a +0 dagger
 y - a +0 arbalest
Missiles
 n - 41 sling bullets
 q - 134 stones (quivered)
 t - 36 arrows
Armour
 a - a +0 robe (worn)
 k - a +0 pair of gloves (worn)
 z - a +0 cloak (worn)
Jewellery
 h - a ring of resist corrosion (left hand)
 v - a ring of poison resistance (right hand)
Wands
 j - a wand of enslavement (16)
Scrolls
 f - 2 scrolls of identify
 g - 2 scrolls of magic mapping
 p - a scroll of amnesia
 s - 2 scrolls of blinking
 x - a scroll of enchant weapon
 A - a scroll of remove curse
 C - a scroll of immolation
Potions
 d - 2 potions of ambrosia {unknown}
 i - 2 potions of heal wounds {unknown}
 l - 4 potions of curing {unknown}
 o - 3 potions of magic {unknown}
 u - a potion of degeneration {unknown}
 w - a potion of invisibility {unknown}
 B - a potion of resistance {unknown}
Comestibles
 b - 3 chunks of flesh
 c - 11 rations


   Skills:
 - Level 2.4 Dodging
 - Level 2.4 Stealth
 - Level 3.0 Spellcasting
 + Level 8.1 Conjurations


You had 8 spell levels left.
You knew the following spells:

 Your Spells              Type           Power        Failure   Level  Hunger
a - Magic Dart            Conj           ####         1%          1    None
b - Searing Ray           Conj           #####.       1%          2    ##.....

Your spell library contained the following spells:

 Spells                   Type           Power        Failure   Level  Hunger
 Iskenderun's Mystic Bla  Conj           #####...     4%          4    ####...
 Animate Dead             Necr           N/A          80%         4    ####...
 Pain                     Necr           #...         14%         1    None
 Animate Skeleton         Necr           N/A          14%         1    None
 Vampiric Draining        Necr           #.........   38%         3    ###....
 Regeneration             Chrm/Necr      #.........   38%         3    ###....
 Fulminant Prism          Conj/Hex       ###.......   26%         4    ####...
 Dazzling Spray           Conj/Hex       ###...       9%          3    ###....
 Force Lance              Conj/Tloc      ###.....     26%         4    ####...


Dungeon Overview and Level Annotations

Branches:
Dungeon (5/15)
 Temple: D:4-7

Altars:
Sif Muna
Xom
Yredelemnul


Message History

You see here an arrow.
The centaur shoots an arrow.
The arrow hits you.
You see here an arrow.
Casting: Searing Ray (safe; 1% risk of failure)
Confirm with . or Enter, or press ? or * to list all spells.
Aiming: Searing Ray (safe; 1% risk of failure)
Press: ? - help, Shift-Dir - straight line, f - centaur
Aim: a centaur, wielding a shortbow The searing ray misses the centaur. (Press . to maintain the ray.)
You are feeling hungry.
The searing ray hits the centaur.
The centaur is lightly wounded.
The jackal closely misses you.
The centaur shoots an arrow.
The arrow hits you! The jackal closely misses you.
The centaur shoots an arrow.
The arrow hits you!
* * * LOW HITPOINT WARNING * * *
The searing ray hits the centaur.
The centaur is heavily wounded.
The jackal misses you.
The centaur shoots an arrow.
The arrow hits you.
You die...

#########.#
##.<(@h...#
#....###.#.#
........# #.#
####...c###<#
##.#...c.#
#.##...##
##.#..#..#
####
....###.# #..
.#.#..#..##
#.#


You could see a centaur and a jackal.

Vanquished Creatures
  An orc wizard (D:3)
  An iguana (D:4)
  4 worker ants
  3 gnolls (D:3)
  2 adders
  A worm (D:2)
  6 dart slugs
  2 leopard geckos (D:4)
  An orc (D:3)
  7 bats
  3 giant cockroaches
  4 goblins
  9 hobgoblins
  9 jackals
  5 kobolds
  5 quokkas
  A ball python (D:2)
  6 frilled lizards
  9 rats
79 creatures vanquished.

Notes
Turn   | Place    | Note
-------+----------+-------------------------------------------
     0 | D:1      | Lilu the Deep Elf Conjurer began the quest for the Orb.
     0 | D:1      | Reached XP level 1. HP: 10/10 MP: 6/6
   268 | D:1      | Reached XP level 2. HP: 15/15 MP: 4/8
   319 | D:1      | Reached skill level 5 in Conjurations
   980 | D:2      | Reached XP level 3. HP: 19/19 MP: 6/9
  1046 | D:2      | Learned a level 2 spell: Searing Ray
  1404 | D:2      | Reached skill level 6 in Conjurations
  1697 | D:2      | Reached XP level 4. HP: 18/24 MP: 0/10
  2649 | D:3      | Found a shimmering altar of Xom.
  2649 | D:3      | Found a basalt altar of Yredelemnul.
  2868 | D:3      | Reached skill level 7 in Conjurations
  2868 | D:3      | Reached XP level 5. HP: 15/28 MP: 8/11
  2873 | D:3      | Found a deep blue altar of Sif Muna.
  3958 | D:5      | Entered Level 5 of the Dungeon
  3972 | D:5      | Reached skill level 8 in Conjurations
  3978 | D:5      | Reached XP level 6. HP: 24/32 MP: 3/12
  4134 | D:5      | Shot with an arrow by a centaur

Skill      XL: |  1  2  3  4  5 |
---------------+----------------+-----
Conjurations   | 5 6 7 8 |  8.1
Dodging        | |  2.4
Stealth        | |  2.4
Spellcasting   | |  3.0

Action                   |  1- 3 |  4- 6 || total
-------------------------+-------+-------++-------
Melee: Unarmed           |     4 |       ||     4
       Dagger            |     8 |       ||     8
 Fire: Hunting sling     |    31 |    76 ||   107
 Cast: Magic Dart        |    66 |    19 ||    85
       Searing Ray       |     3 |    16 ||    19
  Use: Scroll            |     3 |     3 ||     6
  Eat: Chunk             |     2 |     8 ||    10
Armor: Robe              |    12 |    16 ||    28
Dodge: Dodged            |    24 |    48 ||    72
